[ AOE2 MATCH · #487630558 ]
UnrankedJurchens vs Persians
[ REPLAY ANALYSIS · EXTRACTED FROM THE RECORDED GAME ]
Feudal
—
Castle
—
Imperial
—
| APM avg | 60.6 |
| APM peak | 75 |
| eAPM avg | 13.4 |
| Villagers / military | 32 / 0 |
Focus
⚔️ 5.5% · 🌾 94.5%
Feudal
—
Castle
—
Imperial
—
| APM avg | 30.3 |
| APM peak | 58 |
| eAPM avg | 7.8 |
| Villagers / military | 18 / 0 |
Focus
⚔️ 8.9% · 🌾 91.1%
Feudal
—
Castle
—
Imperial
—
| APM avg | 42.4 |
| APM peak | 67 |
| eAPM avg | 11.3 |
| Villagers / military | 24 / 0 |
Focus
⚔️ 4.9% · 🌾 95.1%
Feudal
—
Castle
—
Imperial
—
| APM avg | 25.7 |
| APM peak | 42 |
| eAPM avg | 11.2 |
| Villagers / military | 18 / 0 |
Focus
⚔️ 12.7% · 🌾 87.3%
Feudal
—
Castle
—
Imperial
—
| APM avg | 77.5 |
| APM peak | 99 |
| eAPM avg | 16.4 |
| Villagers / military | 17 / 0 |
Focus
⚔️ 23.3% · 🌾 76.7%
Feudal
—
Castle
—
Imperial
—
| APM avg | 44.0 |
| APM peak | 56 |
| eAPM avg | 20.4 |
| Villagers / military | 23 / 0 |
Focus
⚔️ 42.6% · 🌾 57.4%
Feudal
—
Castle
—
Imperial
—
| APM avg | 45.6 |
| APM peak | 70 |
| eAPM avg | 22.0 |
| Villagers / military | 23 / 0 |
Focus
⚔️ 36.1% · 🌾 63.9%
Feudal
—
Castle
—
Imperial
—
| APM avg | 38.7 |
| APM peak | 49 |
| eAPM avg | 10.2 |
| Villagers / military | 22 / 0 |
Focus
⚔️ 4.2% · 🌾 95.8%
Match map
Initial resources + every placement click. Lines = walls · curves = elevation contours. ◆ gold · ⬟ stone · ● berries · ✦ relic · ◌ wall gap
Your base
Gunslinger's base
Dani - Voy Fatal de Recursos's base
Togepi's base
CTM | Benja FC's base
R.'s base
PSX | King's base
CTM | Franco*'s base
Smoothed initial terrain · ◌ = detected wall gap · hover for details
Inputs per minute
— 'shenxu' = smurf whore - - Gunslinger
Build order — 'shenxu' = smurf whore
38 actions detected in the replay
| 0:00 | Create | Villager (Male) |
| 0:01 | Create | Villager (Male) |
| 0:01 | Create | Villager (Male) |
| 0:02 | Build | House |
| 0:04 | Build | House |
| 0:17 | Create | Villager (Male) |
| 0:18 | Create | Villager (Male) |
| 1:34 | Create | Villager (Male) |
| 1:34 | Create | Villager (Male) |
| 1:46 | Build | Lumber Camp |
| 1:47 | Create | Villager (Male) |
| 1:48 | Create | Villager (Male) |
| 2:16 | Create | Villager (Male) |
| 2:16 | Create | Villager (Male) |
| 2:43 | Create | Villager (Male) |
| 2:43 | Create | Villager (Male) |
| 3:15 | Create | Villager (Male) |
| 3:16 | Create | Villager (Male) |
| 3:44 | Create | Villager (Male) |
| 3:44 | Create | Villager (Male) |
| 3:44 | Create | Villager (Male) |
| 3:51 | Build | Mill |
| 3:57 | Create | Villager (Male) |
| 3:57 | Create | Villager (Male) |
| 4:06 | Build | House |
| 4:25 | Create | Villager (Male) |
| 4:25 | Create | Villager (Male) |
| 4:25 | Create | Villager (Male) |
| 4:53 | Build | House |
| 4:55 | Create | Villager (Male) |
| 4:56 | Create | Villager (Male) |
| 4:56 | Create | Villager (Male) |
| 5:02 | Create | Villager (Male) |
| 5:02 | Create | Villager (Male) |
| 5:02 | Create | Villager (Male) |
| 5:39 | Create | Villager (Male) |
| 5:39 | Create | Villager (Male) |
| 5:39 | Create | Villager (Male) |
Build order — Gunslinger
24 actions detected in the replay
| 0:03 | Create | Villager (Male) |
| 0:03 | Create | Villager (Male) |
| 0:04 | Build | House |
| 0:06 | Build | House |
| 0:28 | Create | Villager (Male) |
| 0:41 | Create | Villager (Male) |
| 0:59 | Create | Villager (Male) |
| 1:25 | Create | Villager (Male) |
| 2:05 | Create | Villager (Male) |
| 2:18 | Create | Villager (Male) |
| 2:44 | Build | Lumber Camp |
| 3:07 | Build | House |
| 3:08 | Build | House |
| 3:10 | Build | House |
| 3:15 | Create | Villager (Male) |
| 3:31 | Create | Villager (Male) |
| 3:49 | Create | Villager (Male) |
| 4:14 | Create | Villager (Male) |
| 4:51 | Create | Villager (Male) |
| 4:51 | Create | Villager (Male) |
| 5:12 | Create | Villager (Male) |
| 5:30 | Create | Villager (Male) |
| 5:31 | Create | Villager (Male) |
| 5:41 | Create | Villager (Male) |
Build order — Dani - Voy Fatal de Recursos
31 actions detected in the replay
| 0:00 | Create | Villager (Male) |
| 0:01 | Create | Villager (Male) |
| 0:01 | Create | Villager (Male) |
| 0:03 | Build | House |
| 0:05 | Build | House |
| 0:28 | Create | Villager (Male) |
| 0:29 | Create | Villager (Male) |
| 0:29 | Create | Villager (Male) |
| 1:29 | Create | Villager (Male) |
| 1:29 | Create | Villager (Male) |
| 2:11 | Create | Villager (Male) |
| 2:11 | Create | Villager (Male) |
| 2:11 | Create | Villager (Male) |
| 2:32 | Build | Lumber Camp |
| 2:54 | Create | Villager (Male) |
| 2:54 | Create | Villager (Male) |
| 2:54 | Create | Villager (Male) |
| 2:55 | Create | Villager (Male) |
| 3:18 | Build | House |
| 3:20 | Build | House |
| 3:21 | Build | House |
| 3:28 | Create | Villager (Male) |
| 3:28 | Create | Villager (Male) |
| 3:28 | Create | Villager (Male) |
| 3:28 | Create | Villager (Male) |
| 4:24 | Create | Villager (Male) |
| 4:25 | Create | Villager (Male) |
| 4:25 | Create | Villager (Male) |
| 4:54 | Build | Mill |
| 4:58 | Create | Villager (Male) |
| 4:59 | Create | Villager (Male) |
Build order — Togepi
25 actions detected in the replay
| 0:01 | Create | Villager (Male) |
| 0:01 | Create | Villager (Male) |
| 0:02 | Create | Villager (Male) |
| 0:02 | Create | Villager (Male) |
| 0:04 | Build | House |
| 0:06 | Build | House |
| 1:34 | Create | Villager (Male) |
| 1:59 | Build | Lumber Camp |
| 2:10 | Create | Villager (Male) |
| 2:10 | Create | Villager (Male) |
| 2:37 | Create | Villager (Male) |
| 3:02 | Create | Villager (Male) |
| 3:02 | Create | Villager (Male) |
| 3:20 | Create | Villager (Male) |
| 3:32 | Build | House |
| 3:51 | Create | Villager (Male) |
| 4:02 | Build | House |
| 4:16 | Create | Villager (Male) |
| 4:23 | Build | Mill |
| 4:40 | Create | Villager (Male) |
| 4:41 | Create | Villager (Male) |
| 5:24 | Create | Villager (Male) |
| 5:24 | Create | Villager (Male) |
| 5:24 | Create | Villager (Male) |
| 5:29 | Build | Mining Camp |
Build order — CTM | Benja FC
23 actions detected in the replay
| 0:02 | Create | Villager (Male) |
| 0:03 | Build | House |
| 0:04 | Build | House |
| 0:06 | Create | Villager (Male) |
| 0:14 | Create | Villager (Male) |
| 0:28 | Create | Villager (Male) |
| 0:46 | Build | Mining Camp |
| 1:33 | Create | Villager (Male) |
| 1:55 | Create | Villager (Male) |
| 2:32 | Create | Villager (Male) |
| 2:35 | Create | Villager (Male) |
| 2:35 | Create | Villager (Male) |
| 3:11 | Create | Villager (Male) |
| 3:11 | Create | Villager (Male) |
| 3:26 | Build | House |
| 3:27 | Build | House |
| 3:39 | Create | Villager (Male) |
| 4:04 | Create | Villager (Male) |
| 4:11 | Create | Villager (Male) |
| 4:42 | Create | Villager (Male) |
| 4:59 | Build | Lumber Camp |
| 5:13 | Create | Villager (Male) |
| 5:45 | Create | Villager (Male) |
Build order — R.
29 actions detected in the replay
| 0:02 | Create | Villager (Male) |
| 0:03 | Create | Villager (Male) |
| 0:03 | Create | Villager (Male) |
| 0:04 | Build | House |
| 0:05 | Build | House |
| 0:11 | Create | Villager (Male) |
| 0:11 | Create | Villager (Male) |
| 0:11 | Create | Villager (Male) |
| 1:29 | Create | Villager (Male) |
| 1:48 | Build | Lumber Camp |
| 1:55 | Build | Lumber Camp |
| 1:59 | Create | Villager (Male) |
| 2:28 | Create | Villager (Male) |
| 2:28 | Create | Villager (Male) |
| 3:00 | Create | Villager (Male) |
| 3:00 | Create | Villager (Male) |
| 3:40 | Create | Villager (Male) |
| 4:02 | Build | House |
| 4:11 | Create | Villager (Male) |
| 4:11 | Create | Villager (Male) |
| 4:12 | Create | Villager (Male) |
| 4:25 | Build | House |
| 4:59 | Create | Villager (Male) |
| 4:59 | Create | Villager (Male) |
| 5:00 | Create | Villager (Male) |
| 5:00 | Create | Villager (Male) |
| 5:16 | Create | Villager (Male) |
| 5:32 | Create | Villager (Male) |
| 5:50 | Create | Villager (Male) |
Build order — PSX | King
30 actions detected in the replay
| 0:00 | Create | Villager (Male) |
| 0:01 | Create | Villager (Male) |
| 0:01 | Create | Villager (Male) |
| 0:02 | Build | House |
| 0:04 | Build | House |
| 0:08 | Create | Villager (Male) |
| 0:08 | Create | Villager (Male) |
| 1:07 | Create | Villager (Male) |
| 1:07 | Create | Villager (Male) |
| 1:07 | Create | Villager (Male) |
| 1:37 | Create | Villager (Male) |
| 1:37 | Create | Villager (Male) |
| 1:47 | Build | Lumber Camp |
| 2:05 | Create | Villager (Male) |
| 2:05 | Create | Villager (Male) |
| 2:57 | Create | Villager (Male) |
| 2:57 | Create | Villager (Male) |
| 3:02 | Build | House |
| 3:13 | Create | Villager (Male) |
| 3:14 | Create | Villager (Male) |
| 3:46 | Create | Villager (Male) |
| 3:46 | Create | Villager (Male) |
| 4:24 | Create | Villager (Male) |
| 4:24 | Create | Villager (Male) |
| 4:25 | Create | Villager (Male) |
| 4:25 | Create | Villager (Male) |
| 4:48 | Build | Mill |
| 5:39 | Build | House |
| 5:40 | Build | House |
| 5:58 | Create | Villager (Male) |
Build order — CTM | Franco*
28 actions detected in the replay
| 0:02 | Create | Villager (Male) |
| 0:02 | Create | Villager (Male) |
| 0:03 | Create | Villager (Male) |
| 0:04 | Create | Villager (Male) |
| 0:04 | Create | Villager (Male) |
| 0:07 | Build | House |
| 0:09 | Build | House |
| 1:35 | Create | Villager (Male) |
| 1:36 | Create | Villager (Male) |
| 2:11 | Create | Villager (Male) |
| 2:11 | Create | Villager (Male) |
| 2:19 | Build | Lumber Camp |
| 2:28 | Create | Villager (Male) |
| 2:28 | Create | Villager (Male) |
| 2:46 | Build | House |
| 2:47 | Build | House |
| 3:00 | Create | Villager (Male) |
| 3:13 | Create | Villager (Male) |
| 3:13 | Create | Villager (Male) |
| 3:57 | Create | Villager (Male) |
| 3:58 | Create | Villager (Male) |
| 4:27 | Create | Villager (Male) |
| 4:27 | Create | Villager (Male) |
| 4:28 | Create | Villager (Male) |
| 5:13 | Create | Villager (Male) |
| 5:45 | Create | Villager (Male) |
| 5:56 | Build | Mining Camp |
| 6:13 | Create | Villager (Male) |
Match timeline
| 5:46 | Togepi · resign |
[ AI ANALYSIS · 1 CREDIT ]
What really happened in this match?
Wolo.gg analyzes every decision: build order, eco, micro, common mistakes by bracket. Personalized analysis on WhatsApp or Discord in 30 seconds.
Civ guide
Jurchens
Perfil
'GLX_AntiMetaist' = STINKY WHORE